 Dungeon Crawl Stone Soup version 0.30-a0-116-g3b1a8e4ee4 (webtiles) character file.

Game seed: 16951437362382598632

170 frimble the Shooter (level 5, 0/33 HPs)
             Began as a Demonspawn Hexslinger on Sept 13, 2022.
             Slain by Grinder (3 damage)
             ... on level 4 of the Dungeon.
             The game lasted 00:02:45 (2401 turns).

frimble the Shooter (Demonspawn Hexslinger)         Turns: 2401, Time: 00:02:46

Health: 0/33       AC:  4    Str: 11    XL:     5   Next: 26%
Magic:  6/7        EV: 16    Int: 14    God:
Gold:   116        SH:  0    Dex: 15    Spells: 5/6 levels left

rFire   . . .      SeeInvis .    a - +1 sling
rCold   . . .      Faith    .    (no shield)
rNeg    . . .      Spirit   .    c - +0 robe
rPois   .          Reflect  .    (no helmet)
rElec   .          Harm     .    (no cloak)
rCorr   +          Rampage  .    (no gloves)
Will    +....                    (no boots)
Stlth   +.........               (no amulet)
HPRegen 0.11/turn                d - ring "Hunwebio" {Will+ rCorr EV+4}
MPRegen 0.10/turn                (no ring)

@: about to teleport
A: thin metallic scales 1, demonic touch 1, frail 1
a: no special abilities


You were on level 4 of the Dungeon.
You visited 1 branch of the dungeon, and saw 4 of its levels.

You collected 116 gold pieces.

Inventory:

Hand Weapons
 a - a +1 sling (weapon)
Armour
 c - a +0 robe (worn)
Jewellery
 d - the ring "Hunwebio" (left hand) {Will+ rCorr EV+4}
   (You acquired it on level 3 of the Dungeon)

   [ring of evasion]

   EV:        It affects your evasion (+4).
   rCorr:     It protects you from acid and corrosion.
   Will:      It increases your willpower.
Scrolls
 b - a scroll of poison
 e - a scroll of vulnerability
 g - a scroll of amnesia


   Skills:
 - Level 1.5 Fighting
 + Level 4.4 Ranged Weapons
 - Level 2.1 Dodging
 - Level 1.4 Spellcasting
 - Level 3.2 Hexes


You had 5 spell levels left.
You knew the following spells:

 Your Spells              Type           Power      Damage    Failure   Level
a - Slow                  Hex            40%        N/A       7%          1

Your spell library contained the following spells:

 Spells                   Type           Power      Damage    Failure   Level
 Inner Flame              Hex/Fire       5%         N/A       36%         3
 Portal Projectile        Hex/Tloc       10%        N/A       36%         3
 Cause Fear               Hex            5%         N/A       54%         4
 Ignite Poison            Fire/Tmut/Pois 0%         N/A       58%         3
 Mephitic Cloud           Conj/Pois/Air  0%         N/A       58%         3
 Freezing Cloud           Conj/Ice/Air   0%         6-21      100%        5


Dungeon Overview and Level Annotations

Branches:
Dungeon (4/15)
 Temple: D:4-7

Altars:

Annotations:
D:4 Grinder


Innate Abilities, Weirdness & Mutations

You are partially covered in thin metallic scales. (AC +2)
Your touch may inflict minor irresistible damage on your foes.
You are frail. (-10% HP)


Message History

Aiming: Slow (safe; 7% risk of failure)
Press: ? - help, Shift-Dir - straight line, f - Grinder
Aim: Grinder (chance to affect: 49%) Grinder resists with some effort.
Grinder hits you.
You writhe in agony.
Fire: a) +1 sling
Press: ? - help, Q - select action, (/) - cycle Shift-Dir - straight line, f/p - Grinder
Aim: Grinder (55% to hit)
You shoot a sling bullet.
The sling bullet hits Grinder but does no damage.
Grinder hits you!
You writhe in agony.
Fire: a) +1 sling
Press: ? - help, Q - select action, (/) - cycle Shift-Dir - straight line, f/p - Grinder
Aim: Grinder (55% to hit)
You shoot a sling bullet.
The sling bullet closely misses Grinder.
Grinder gestures at you. You resist with some effort.
Fire: a) +1 sling
Press: ? - help, Q - select action, (/) - cycle Shift-Dir - straight line, f/p - Grinder
Aim: Grinder (55% to hit)
You shoot a sling bullet. The sling bullet barely misses Grinder.
Grinder hits you!
* * * LOW HITPOINT WARNING * * *
It was a potion of mutation.
You feel extremely strange.
You feel frail. Grinder barely misses you.
As you read the scroll labelled TOGYOWNOED, it crumbles to dust.
You feel strangely unstable.
It was a scroll of teleportation.
Grinder hits you.
* * * LOW HITPOINT WARNING * * *
You writhe in agony.
* * * LOW HITPOINT WARNING * * *
You aren't carrying any potions.
Fire: a) +1 sling
Press: ? - help, Q - select action, (/) - cycle Shift-Dir - straight line, f/p - Grinder
Aim: Grinder (55% to hit)
You shoot a sling bullet. The sling bullet hits Grinder.
Grinder is lightly wounded.
Grinder hits you.
You die...

#
#####.###
......5@#
.####.#.#
# ...
.....
.....##
#.##.##
#. #.# .
...


You could see Grinder.

Vanquished Creatures
  An orc priest (D:2)
  Jessica (D:2)
  3 gnolls (D:2)
  2 adders (D:2)
  A worm (D:2)
  3 dart slugs
  3 orcs (D:2)
  2 endoplasms (D:2)
  5 giant cockroaches
  5 goblins
  6 hobgoblins
  3 jackals (D:1)
  6 kobolds
  A quokka (D:1)
  5 ball pythons
  4 bats
  3 frilled lizards (D:1)
  5 rats
59 creatures vanquished.

Notes
Turn   | Place    | Note
-------+----------+-------------------------------------------
     0 | D:1      | frimble the Demonspawn Hexslinger began the quest for the
                  | Orb.
     0 | D:1      | Reached XP level 1. HP: 15/15 MP: 2/2
   341 | D:1      | Gained mutation: You are partially covered in thin metallic
                  | scales. (AC +2) [demonic ancestry]
   341 | D:1      | Reached XP level 2. HP: 15/21 MP: 3/3
   461 | D:1      | Reached skill level 2 in Ranged Weapons
   474 | D:1      | Found a faded altar of an unknown god.
   645 | D:1      | Gained mutation: Your touch may inflict minor irresistible
                  | damage on your foes. [demonic ancestry]
   645 | D:1      | Reached XP level 3. HP: 23/26 MP: 5/5
  1407 | D:2      | Reached skill level 3 in Ranged Weapons
  1407 | D:2      | Reached XP level 4. HP: 32/32 MP: 6/6
  1734 | D:2      | Noticed Jessica
  1771 | D:2      | Killed Jessica
  1772 | D:2      | Reached skill level 4 in Ranged Weapons
  1772 | D:2      | Reached XP level 5. HP: 17/37 MP: 7/7
  2345 | D:3      | Identified a scroll of acquirement
  2347 | D:3      | Acquired the ring "Hunwebio" {Will+ rCorr EV+4}
  2394 | D:4      | Noticed Grinder
  2399 | D:4      | Gained mutation: You are frail. (-10% HP) [potion of
                  | mutation]
  2401 | D:4      | Slain by Grinder

Illustrated notes

Levels and vault maps discovered:
D:1:      lightli_arrival_lavapool, layout_basic,
          hellmonk_ecumenical_altar_arch_garden, serial_curves, eino_curves_01,
          eino_curves_02
D:2:      layout_basic, uniq_jessica
D:3:      layout_basic, mainiacjoe_overflow_concentric_impassable,
          minmay_misc_feat_cross, minmay_fractal_squares_gapless_5
D:4:      layout_loops_corners, mainiacjoe_overflow_catch_the_wave,
          fiery_altar_vehumet, minmay_temple_entry_fiery, uniq_grinder,
          uniq_robin, uniq_pikel

Skill      XL: |  1  2  3  4 |
---------------+-------------+-----
Dodging        | 2 |  2.1
Ranged Weapons | 2 3 4 |  4.4
Fighting       | |  1.5
Spellcasting   | |  1.4
Hexes          | |  3.2

Action                   |  1- 3 |  4- 6 || total
-------------------------+-------+-------++-------
 Fire: Sling             |   140 |   104 ||   244
 Cast: Slow              |     1 |     3 ||     4
  Use: Scroll            |       |     6 ||     6
       Potion            |       |     1 ||     1
Armor: Robe              |    15 |    13 ||    28
Dodge: Dodged            |    39 |    38 ||    77

Table legend: (Time is in decaauts)
 A = Elapsed time spent in this place.
 B = Non-inter-level travel time spent in this place.
 C = Inter-level travel time spent in this place.
 D = Time resting spent in this place.
 E = Time spent auto-exploring this place.
 F = Levels seen in this place.
 G = Mean time per level.
                   A        B        C        D        E       F      G
               +--------+--------+--------+--------+--------+-----+--------+
         Total |   2463 |   2404 |     59 |      0 |   1970 |   4 |  615.8 |
       Dungeon |   2463 |   2404 |     59 |      0 |   1970 |   4 |  615.8 |
               +--------+--------+--------+--------+--------+-----+--------+

Top non-repeatable levels by time:
     D:2: 1296 daAuts
     D:1: 1108 daAuts
     D:3: 51 daAuts
     D:4: 7 daAuts
